 Dungeon Crawl Stone Soup version 0.26.0-16-gc1dbca0489 (webtiles) character file.

Game seed: 17030756255738877935

125 zcampers the Cudgeller (level 4, -4/37 HPs)
             Began as a Demonspawn Berserker on Jan 19, 2021.
             Was a Believer of Trog.
             Killed by nerve-wracking pain
             ... invoked by Grinder
              (12 damage)
             ... on level 3 of the Dungeon.
             The game lasted 00:05:07 (2428 turns).

zcampers the Cudgeller (Demonspawn Berserker)       Turns: 2428, Time: 00:05:08

Health: -4/37      AC:  7    Str: 15 (18) XL:     4   Next: 82%
Magic:  4/4        EV: 10    Int:  5 (8)  God:    Trog [**....]
Gold:   153        SH:  5    Dex: 12 (13) Spells: 3/3 levels left

rFire    . . .     SeeInvis .   a - +1 mace
rCold    . . .     Faith    .   d - +2 buckler
rNeg     . . .     Spirit   .   j - +0 ring mail
rPois    .         Reflect  .   (no helmet)
rElec    .         Harm     .   o - +0 cloak
rCorr    .         Rampage  .   b - +0 pair of gloves
Will     .....                  (no boots)
Stlth    +.........             (no amulet)
HPRegen  0.12/turn              (no ring)
MPRegen  0.09/turn              (no ring)

@: no status effects
A: talons 2, powered by death 1
a: Renounce Religion, Berserk, Trog's Hand


You were on level 3 of the Dungeon.
You worshipped Trog.
Trog was pleased with you.
You visited 1 branch of the dungeon, and saw 3 of its levels.

You collected 153 gold pieces.

Inventory:

Hand Weapons
 a - a +1 mace (weapon)
Missiles
 e - 6 atropa-tipped darts (quivered)
 l - 13 poisoned darts
Armour
 b - a +0 pair of gloves (worn)
 d - a +2 buckler (worn)
 j - a +0 ring mail (worn)
 o - a +0 cloak (worn)
Scrolls
 c - a scroll of blinking
 f - 4 scrolls of teleportation
 g - a scroll of magic mapping {unknown}
Potions
 k - a potion of cancellation


   Skills:
 + Level 3.7 Fighting
 + Level 4.2 Maces & Flails
 + Level 2.1 Armour
 + Level 2.1 Dodging


You had 3 spell levels left.
You didn't know any spells.
Your spell library was empty.

Dungeon Overview and Level Annotations

Branches:
Dungeon (3/15)

Altars:

Annotations:
D:3 Grinder


Innate Abilities, Weirdness & Mutations

You have razor-sharp toenails.
You regenerate a little health from kills.


Message History

Grinder is lightly wounded.
Grinder closely misses you.
You barely miss Grinder.
Grinder is lightly wounded.
Grinder hits you.
You writhe in agony.
You hit Grinder but do no damage. You claw Grinder, but do no damage.
Grinder is lightly wounded.
Grinder gestures at you. Pain shoots through your body!
Unknown command.
You thump Grinder!
Grinder is moderately wounded.
Your skin stops crawling.
You feel less strong-willed. Grinder closely misses you. Grinder hits you!
You writhe in agony.
* * * LOW HITPOINT WARNING * * *
You hit Grinder. You claw Grinder.
Grinder is heavily wounded.
Grinder gestures at you. Pain shoots through your body!
You die...

##.# #..# #+# #.##
#.# #.# #### #.#
#.# .....##.#####
#.# .....#... ..#
#.# ........# #.#
#.# ....[..@# #.#
#.#
.....##5###.####.#
... #...†......# .
############


You could see Grinder.

Vanquished Creatures
  5 adders
  2 oozes (D:2)
  3 worms
  3 dart slugs
  2 leopard geckos
  4 giant cockroaches
  7 hobgoblins
  4 jackals (D:1)
  A quokka (D:2)
  5 bats
  A frilled lizard (D:1)
  6 goblins
  7 kobolds
  5 rats
55 creatures vanquished.

Notes
Turn   | Place    | Note
-------+----------+-------------------------------------------
     0 | D:1      | zcampers the Demonspawn Berserker began the quest for the
                  | Orb.
     0 | D:1      | Reached XP level 1. HP: 18/18 MP: 1/1
   223 | D:1      | Gained mutation: You have sharp toenails. [demonic
                  | ancestry]
   223 | D:1      | Reached XP level 2. HP: 11/24 MP: 2/2
   295 | D:1      | Reached skill level 3 in Maces & Flails
   676 | D:1      | Reached ** piety under Trog
   805 | D:1      | Gained mutation: You have razor-sharp toenails. [demonic
                  | ancestry]
   805 | D:1      | Reached XP level 3. HP: 26/29 MP: 3/3
   831 | D:1      | You fall into a shaft and drop 1 floor!
  1122 | D:2      | Gained mutation: You regenerate a little health from kills.
                  | [demonic ancestry]
  1122 | D:2      | Reached XP level 4. HP: 28/36 MP: 4/4
  1543 | D:2      | Reached skill level 4 in Maces & Flails
  2410 | D:3      | Noticed Grinder
  2415 | D:3      | Paralysed by Grinder for 7 turns
  2428 | D:3      | Killed from afar by Grinder

Illustrated notes

Levels and vault maps discovered:
D:1:      beargit_arrival_greenhouse, layout_basic
D:2:      minmay_inner_zag, layout_loops_cross
D:3:      layout_loops_corners, marbit_many_paths, nzn_hepliaklqana_mist_gate,
          amcnicky_mini_pool_small, uniq_crazy_yiuf_cottage, uniq_grinder,
          uniq_robin

Skill      XL: |  1  2  3  4 |
---------------+-------------+-----
Maces & Flails | 3 4 |  4.2
Dodging        | 2 |  2.1
Armour         | 2 |  2.1
Fighting       | |  3.7

Action                   |  1- 3 |  4- 6 || total
-------------------------+-------+-------++-------
Melee: Mace              |   100 |    76 ||   176
       Kick              |    17 |    21 ||    38
Throw: Dart              |     1 |       ||     1
Invok: Trog's Hand       |       |     1 ||     1
  Use: Scroll            |       |    10 ||    10
       Potion            |       |     3 ||     3
Armor: Animal skin       |    28 |       ||    28
       Ring mail         |    10 |    24 ||    34
Dodge: Dodged            |    83 |    47 ||   130
Block: Buckler           |       |     3 ||     3
